Map: [ESL] Moondance

Players

HeroMarine

  • Race: Terran Terran
  • League: Master
  • Spawn Location: 6:00

Astrea - Winner!

  • Race: Protoss Protoss
  • League: Master
  • Spawn Location: 12:00

Event: HomeStory Cup XXII

VOD

Have the link to the VOD?

Description

Time

  • Played on: Dec. 16, 2022, 12:05 p.m.
  • Length: 16:53

All games in this series

Show
View Real Time Build Order
Export as new Build Order

HeroMarine Terran 

Build Orders:  

Get SALT Encoding   

  12  0:00  SCV  
  13  0:12  SCV  
  14  0:16  Supply Depot  
  14  0:24  SCV  
  15  0:38  SCV  
  15  0:39  Barracks  
  16  0:43  Refinery  
  16  0:50  SCV  
  16  0:52  Refinery  
  17  1:02  SCV  
  18  1:14  SCV  
  19  1:26  Reaper, Orbital Command  
  19  1:27  Supply Depot  
  20  1:41  Factory  
  20  1:52  SCV  
  21  1:58  Reaper  
  22  2:04  SCV  
  23  2:14  Command Center  
  23  2:16  SCV  
  24  2:24  Hellion  
  26  2:30  Supply Depot, Reaper  
  26  2:32  SCV  
  28  2:44  SCV  
  28  2:46  Hellion  
  31  2:56  SCV, Barracks  
  32  3:07  Barracks Reactor, Factory Tech Lab  
  32  3:08  SCV  
  32  3:11  Barracks  
  33  3:20  SCV  
  34  3:30  Siege Tank  
  34  3:32  SCV  
  38  3:43  Engineering Bay, Orbital Command  
  38  3:44  Marine x2  
  38  3:45  SCV  
  38  3:46  Barracks Tech Lab  
  41  3:57  SCV  
  41  4:00  Barracks Tech Lab  
  42  4:03  Siege Tank, Marine x2  
  42  4:07  Stimpack  
  47  4:10  Marine  
  48  4:17  Supply Depot  
  48  4:18  Combat Shield, Marine  
  48  4:20  Marine  
  48  4:22  Marine  
  51  4:26  SCV  
  51  4:27  SCV  
  51  4:28  Marine  
  51  4:31  Supply Depot  
  54  4:38  Marine  
  54  4:40  Siege Tank  
  54  4:42  SCV, Marine x2  
  54  4:43  SCV  
  62  4:52  Marine  
  63  4:55  SCV x2  
  63  4:56  Marine  
  63  4:57  Supply Depot  
  63  4:59  Marine x2  
  69  5:07  SCV x2  
  69  5:12  Supply Depot  
  70  5:18  Marine x3  
  70  5:19  SCV, Starport  
  70  5:20  Refinery  
  70  5:21  SCV  
  75  5:24  Marine  
  75  5:28  Factory Reactor  
  76  5:31  SCV  
  76  5:33  SCV  
  76  5:34  Terran Infantry Weapons Level 1  
  76  5:36  Marine  
  76  5:41  Marine x2  
  79  5:42  Marine  
  79  5:43  SCV  
  79  5:45  SCV  
  79  5:47  Refinery  
  82  5:53  Supply Depot  
  82  5:54  Supply Depot  
  82  5:55  SCV  
  81  5:57  SCV  
  81  6:00  Concussive Shells, Marauder x2  
  86  6:14  Medivac x2, Marine x2  
  86  6:16  Supply Depot x2  
  92  6:22  Siege Tank  
  97  6:25  Marauder  
  97  6:29  Marauder  
  97  6:31  Supply Depot  
  97  6:32  SCV x2, Marine  
  102  6:37  Marine  
  102  6:38  Supply Depot  
  105  6:47  Marauder  
  105  6:50  Marauder, Marine  
  108  6:54  Siege Tank  
  108  6:55  Marine  
  112  7:06  Medivac x2  
  116  7:09  Command Center, Marauder  
  116  7:14  Marauder  
  120  7:20  Marine x2  
  122  7:24  SCV x2  
  122  7:27  Siege Tank  
  127  7:33  Marauder  
  127  7:35  Marauder  
  122  7:38  SCV x2, Marine x2  
  126  7:51  Medivac x2  
  126  7:55  Marauder  
  126  7:56  Missile Turret, Marine x2  
  134  8:01  Missile Turret  
  134  8:05  Marauder  
  133  8:13  Marine  
  133  8:19  Marine  
  132  8:21  Marauder  
  132  8:26  Marauder  
  129  8:28  SCV x2  
  129  8:31  Marine  
  132  8:37  Marine  
  132  8:38  Terran Infantry Armor Level 1  
  132  8:40  SCV x2  
  132  8:42  Marauder  
  132  8:47  Marine  
  119  8:49  Marine  
  119  8:52  SCV x2  
  119  8:55  Marine  
  107  9:02  Barracks x2  
  98  9:03  Marauder, Siege Tank  
  98  9:06  Marauder  
  98  9:07  Marine  
  98  9:09  Liberator x2  
  114  9:12  Marine  
  114  9:13  Orbital Command  
  113  9:17  Refinery, Armory  
  111  9:25  Marauder  
  111  9:26  Marine x2  
  111  9:30  SCV  
  111  9:31  SCV  
  117  9:32  Supply Depot  
  117  9:39  Siege Tank  
  117  9:43  SCV x2  
  117  9:45  Marauder  
  124  9:46  Marauder  
  124  9:50  Barracks Reactor  
  124  9:51  Marine x2  
  124  9:55  Supply Depot  
  124  9:57  Liberator x2, Barracks Tech Lab  
  130  10:06  Marauder  
  132  10:07  Marauder  
  133  10:19  Marauder, Marine x2  
  129  10:21  Siege Tank  
  129  10:27  Marauder  
  134  10:30  Marauder  
  134  10:32  Terran Infantry Weapons Level 2  
  128  10:38  Marine x2  
  128  10:39  Marine x2  
  128  10:40  Marauder  
  132  10:43  Medivac x2  
  132  10:49  Marauder  
  138  10:51  Marauder  
  138  10:56  Marine x2  
  142  10:57  Marine x2  
  142  11:01  Marauder  
  146  11:10  Marauder  
  146  11:12  SCV  
  146  11:13  SCV, Marauder  
  146  11:14  Marine x2  
  146  11:16  Medivac x2  
  146  11:17  Siege Tank, Marine x2  
  155  11:23  Marauder  
  157  11:27  SCV  
  157  11:29  SCV x2  
  157  11:32  Marauder, Marine x2  
  147  11:34  Marine x3  
  147  11:44  Marauder  
  147  11:47  Medivac  
  151  11:49  Marine  
  151  11:50  Marine  
  151  11:52  Medivac, Marauder, Marine x2  
  159  11:57  Marauder  
  161  12:05  Marauder  
  161  12:07  Marine x2  
  155  12:10  Marine x2  
  155  12:13  Marauder  
  158  12:18  Marauder  
  158  12:23  Medivac  
  158  12:24  Medivac, Widow Mine  
  158  12:25  Marine x2  
  158  12:27  Marauder  
  158  12:28  Marine  
  165  12:35  Marauder, Marine  
  162  12:38  Supply Depot  
  162  12:39  Marine  
  162  12:43  Marine x2  
  160  12:46  Marine  
  160  12:48  Marauder  
  163  12:53  Marine  
  163  12:57  Marine  
  165  12:59  Medivac x2, Marauder  
  165  13:02  Marine x2  
  165  13:03  Marine  
  171  13:10  Marauder  
  166  13:15  Marauder, Marine  
  165  13:20  Marine  
  165  13:21  Marauder  
  136  13:28  Marine x2  
  136  13:30  Siege Tank  
  136  13:31  Marauder  
  138  13:36  Viking x2  
  138  13:37  Orbital Command  
  142  13:48  Ghost Academy, Marauder x2  
  146  13:52  Marauder  
  146  13:53  Missile Turret  
  148  14:02  Siege Tank  
  149  14:06  Viking  
  151  14:19  Ghost  
  151  14:22  Ghost  
  155  14:26  Ghost  
  155  14:30  Marine x2  
  156  14:35  Marine x2  
  158  14:42  Viking  
  160  14:48  Marine x2, Ghost  
  150  14:54  Marauder, Marine x2  
  150  14:55  Marauder  
  156  15:01  Viking  
  156  15:05  Marine x2  
  160  15:12  Marine x2  
  150  15:15  Marauder  
  150  15:18  Marauder, Marine  
  152  15:23  Marine  
  137  15:31  Marine x2  
  137  15:33  Viking x2  
  121  15:37  Marauder x2  
  121  15:41  Orbital Command  
  122  15:45  Marauder  
  92  15:58  Marauder x2, Marine x2  
  92  16:02  Marine  
  92  16:03  Viking  
  95  16:06  Marine  
  95  16:07  Marauder  
  96  16:16  Marine x2  
  94  16:20  Marauder  
  94  16:21  Reaper  
  94  16:23  Marauder  
  98  16:28  Marauder  
Show
View Real Time Build Order
Export as new Build Order

Astrea Protoss - Winner!

Build Orders: 1 Gate Expand, Colossus Rush 

Get SALT Encoding   

  12  0:00  Probe  
  13  0:12  Probe  
  14  0:16  Pylon  
  14  0:24  Probe (Chrono Boost)  
  16  0:35  Gateway  
  16  0:36  Probe (Chrono Boost)  
  16  0:43  Probe (Chrono Boost)  
  16  0:45  Assimilator  
  17  0:51  Probe  
  18  1:03  Probe  
  19  1:15  Probe  
  20  1:22  Cybernetics Core  
  20  1:31  Nexus  
  20  1:34  Probe  
  21  1:40  Pylon  
  21  1:46  Probe  
  22  1:55  Adept (Chrono Boost)  
  22  1:58  Probe  
  22  1:59  Warp Gate  
  25  2:10  Probe  
  26  2:16  Stalker (Chrono Boost)  
  29  2:22  Probe  
  29  2:34  Nexus  
  29  2:36  Probe  
  30  2:43  Probe  
  31  2:47  Stalker  
  31  2:49  Probe (Chrono Boost)  
  34  2:55  Probe (Chrono Boost)  
  35  3:01  Gateway  
  37  3:07  Probe x2 (Chrono Boost)  
  37  3:12  Robotics Facility, Probe (Chrono Boost)  
  37  3:14  Probe (Chrono Boost)  
  37  3:19  Assimilator  
  39  3:22  Probe  
  39  3:26  Probe  
  40  3:33  Pylon  
  40  3:34  Probe  
  40  3:38  Probe  
  40  3:41  Assimilator  
  42  3:42  Assimilator  
  42  3:46  Probe  
  42  3:47  Probe  
  44  3:50  Sentry, Probe  
  47  3:59  Probe (Chrono Boost)  
  47  4:00  Shield Battery, Zealot, Observer (Chrono Boost), Probe (Chrono Boost)  
  53  4:06  Probe (Chrono Boost)  
  54  4:10  Pylon  
  54  4:11  Probe (Chrono Boost)  
  54  4:14  Immortal (Chrono Boost)  
  54  4:15  Probe (Chrono Boost)  
  60  4:17  Probe x2 (Chrono Boost)  
  60  4:22  Pylon  
  61  4:27  Probe  
  62  4:31  Robotics Bay  
  62  4:33  Probe x2  
  64  4:39  Probe  
  64  4:44  Pylon  
  64  4:45  Probe x2, Assimilator  
  67  4:49  Immortal (Chrono Boost)  
  67  4:51  Probe  
  72  4:56  Observer  
  72  4:58  Probe x2  
  74  5:03  Twilight Council  
  74  5:05  Probe  
  75  5:10  Probe  
  75  5:14  Probe  
  77  5:17  Colossus (Chrono Boost), Probe  
  77  5:20  Zealot x2  
  88  5:22  Shield Battery  
  88  5:28  Pylon x2  
  88  5:36  Gateway  
  88  5:38  Gateway  
  88  5:40  Charge (Chrono Boost)  
  88  5:43  Extended Thermal Lance  
  88  5:46  Phoenix  
  88  5:50  Stalker x2  
  92  5:59  Pylon  
  92  6:01  Forge  
  92  6:02  Forge  
  92  6:05  Dark Shrine  
  92  6:07  Colossus (Chrono Boost)  
  97  6:14  Zealot x2  
  101  6:22  Gateway x2  
  101  6:23  Probe x2  
  101  6:24  Probe  
  104  6:36  Pylon  
  104  6:40  Pylon  
  108  6:54  Zealot x4  
  108  6:58  Protoss Ground Weapons Level 1, Protoss Ground Armor Level 1  
  116  7:01  Disruptor (Chrono Boost), Pylon x2  
  116  7:06  Pylon  
  113  7:11  Blink (Chrono Boost)  
  113  7:15  Zealot x4  
  121  7:16  Photon Cannon  
  121  7:20  Pylon  
  121  7:21  Pylon  
  121  7:27  Disruptor (Chrono Boost)  
  121  7:35  Pylon  
  122  7:38  Zealot x6  
  122  7:42  Pylon  
  122  7:43  Pylon  
  133  7:56  Pylon  
  133  7:59  Disruptor (Chrono Boost)  
  133  8:05  Pylon  
  136  8:08  Dark Templar x4  
  136  8:09  Pylon  
  136  8:11  Zealot  
  144  8:15  Zealot  
  138  8:32  Disruptor (Chrono Boost)  
  132  8:37  Stalker x2  
  132  8:45  Zealot x4  
  113  9:04  Disruptor  
  113  9:07  Protoss Ground Armor Level 2 (Chrono Boost), Dark Templar, Protoss Ground Weapons Level 2 (Chrono Boost)  
  113  9:08  Nexus  
  118  9:30  Photon Cannon  
  118  9:32  Probe x3  
  118  9:36  Zealot x5  
  131  9:44  Probe  
  131  9:45  Zealot  
  126  9:51  Probe  
  127  9:58  Observer (Chrono Boost)  
  128  10:00  Stalker x5  
  128  10:02  Probe  
  136  10:21  Probe x4, Photon Cannon  
  140  10:29  Stalker x5  
  137  10:37  Disruptor (Chrono Boost)  
  134  10:48  Nexus  
  134  10:50  Shield Battery  
  134  10:54  Sentry x2  
  134  10:55  Stalker x2  
  131  11:21  Stalker x6  
  131  11:22  Disruptor (Chrono Boost)  
  119  11:45  Dark Templar  
  119  11:46  Dark Templar x5  
  131  11:48  Pylon  
  131  11:55  Disruptor (Chrono Boost)  
  124  12:19  Stalker x6  
  124  12:20  Disruptor (Chrono Boost)  
  114  12:45  Probe x3  
  114  12:49  Zealot x4  
  114  12:50  Zealot x2, Robotics Bay  
  129  12:55  Shadow Stride, Protoss Ground Armor Level 3  
  129  12:57  Probe  
  130  12:59  Archon x2  
  126  13:12  Probe  
  121  13:16  Zealot x6  
  110  13:36  Disruptor (Chrono Boost)  
  113  13:45  Nexus  
  113  13:49  Zealot x4, Dark Templar x2  
  125  14:12  Shield Battery  
  125  14:14  Nexus  
  123  14:18  Dark Templar  
  123  14:19  Zealot x3  
  128  14:35  Cybernetics Core, Probe x3  
  127  14:43  Zealot x5  
  128  14:53  Disruptor, Probe x2  
  128  14:58  Probe x2  
  131  15:11  Zealot x5  
  113  15:32  Dark Templar  
  113  15:33  Zealot x5  
  105  15:53  Disruptor (Chrono Boost)  
  99  16:04  Stalker x4  
  99  16:07  Probe  
  108  16:12  Probe  
  108  16:16  Zealot  
  108  16:18  Probe  
  112  16:19  Probe x2  
  112  16:24  Probe  
  115  16:28  Nexus, Zealot x4  
Tags
 
Add a new tag
Caveats
  • Supply blocks, unpowered buildings, or Contaminate may cause inaccurate times.
  • Supply counts are checked every 10 seconds.